 Dungeon Crawl Stone Soup version 0.21.0-8-gf18e19db4a (webtiles) character file.

23272 Rrauwl the Brawler (level 12, -3/101 HPs)
             Began as a Troll Monk on Jan 17, 2018.
             Was an Elder of Hepliaklqana.
             Slain by a cyclops (24 damage)
             ... on level 12 of the Dungeon on Jan 18, 2018.
             The game lasted 01:04:33 (10742 turns).

Rrauwl the Brawler (Troll Monk)                    Turns: 10742, Time: 01:04:33

Health: -3/101     AC:  9    Str: 26    XL:     12   Next: 70%
Magic:  13/13      EV: 13    Int:  6    God:    Hepliaklqana [****..]
Gold:   465        SH:  0    Dex: 17    Spells: 5/11 levels left

rFire    . . .     SeeInvis .     - Unarmed
rCold    + + .     Gourm    +   (no shield)
rNeg     . . .     Faith    .   t - +2 robe {rC+}
rPois    +         Spirit   .   (helmet restricted)
rElec    .         Reflect  .   v - +1 cloak
rCorr    .         Harm     .   (gloves unavailable)
MR       .....                  (boots unavailable)
Stlth    ++........             (no amulet)
HPRegen  0.66/turn              s - ring of Royalty {Wiz rPois Str+3 Dex+2}
MPRegen  0.13/turn              k - ring of protection from cold

@: no status effects
A: large, unfitting armour, reduced essence, claws 3, fast metabolism 3,
gourmand, regeneration 1, shaggy fur 1, tough skin 2
a: Recall Ancestor, Ancestor Identity, Transference, Idealise, Renounce Religion


You were on level 12 of the Dungeon.
You worshipped Hepliaklqana.
Hepliaklqana was greatly pleased with you.
You were completely stuffed.

You visited 3 branches of the dungeon, and saw 14 of its levels.

You collected 703 gold pieces.
You spent 238 gold pieces at shops.

Inventory:

Hand Weapons
 a - a +2 flail of protection
 c - a +1 giant spiked club of freezing
Missiles
 g - a tomahawk of dispersal
 w - 10 large rocks (quivered)
 y - 5 throwing nets
Armour
 t - a +2 robe of cold resistance (worn)
 v - a +1 cloak (worn)
Jewellery
 k - a ring of protection from cold (right claw)
 s - the ring of Royalty (left claw) {Wiz rPois Str+3 Dex+2}
   (You found it on level 8 of the Dungeon)

   [ring of wizardry]

   It improves your spell success rate.
   It affects your strength (+3).
   It affects your dexterity (+2).
   It protects you from poison.
 A - an uncursed ring of see invisible
 D - an uncursed ring of resist corrosion {unknown}
Wands
 b - a wand of flame (29)
 n - a wand of digging (15)
 o - a wand of paralysis (15)
 p - a wand of iceblast (11)
 u - a wand of disintegration (14)
Scrolls
 f - 6 scrolls of teleportation
 i - 10 scrolls of identify
 l - 8 scrolls of remove curse
 m - a scroll of enchant armour
 r - 2 scrolls of magic mapping
 z - 2 scrolls of fog
Potions
 d - a potion of heal wounds
 j - 2 potions of curing
 q - a potion of flight
 B - a potion of cancellation {unknown}
Books
 h - a book of Changes

   Spells                             Type                      Level
   a - Beastly Appendage              Transmutation                1
   b - Sticks to Snakes               Transmutation                2
   c - Spider Form                    Transmutation/Poison         3
   d - Ice Form                       Ice/Transmutation            4
   e - Blade Hands                    Transmutation                5
 E - a book of Callings

   Spells                             Type                      Level
   a - Summon Small Mammal            Summoning                    1
   b - Call Imp                       Summoning                    2
   c - Call Canine Familiar           Summoning                    3
   d - Summon Guardian Golem          Hexes/Summoning              3
   e - Summon Lightning Spire         Summoning/Air                4
   f - Summon Ice Beast               Ice/Summoning                4
Miscellaneous
 x - a sack of spiders
 C - a lightning rod (4/4)
Comestibles
 e - 26 rations
 F - 15 chunks of flesh


   Skills:
 + Level 5.6 Fighting
 - Level 5.0 Throwing
 - Level 4.0 Armour
 - Level 6.0 Dodging
 - Level 1.0 Stealth
 + Level 16.8 Unarmed Combat
 - Level 3.4 Invocations


You had 5 spell levels left.
You knew the following spells:

 Your Spells              Type           Power        Failure   Level  Hunger
a - Beastly Appendage     Tmut           #.....       21%         1    ##.....
b - Blade Hands           Tmut           #.........   99%         5    ######.


Dungeon Overview and Level Annotations

Branches:
Dungeon (12/15)            Temple (1/1) D:6            Lair (1/6) D:8
    Orc (0/2) D:12

Altars:
Ashenzari
Cheibriados
Dithmenos
Elyvilon
Fedhas
Gozag
Hepliaklqana
Kikubaaqudgha
Makhleb
Nemelex Xobeh
Okawaru
Qazlal
Ru
Sif Muna
Trog
Uskayaw
Vehumet
Wu Jian
Xom
Yredelemnul
Zin
The Shining One

Shops:
D:5 [!*:   D:7 [%=(%

Annotations:
Lair:1 Tenshin's ghost, journeyman KoAM


Innate Abilities, Weirdness & Mutations

You are too large for most types of armour.
You have claws for hands.
Your metabolism is lightning-fast.
You like to eat raw meat.
Your natural rate of healing is unusually fast.
You are covered in fur. (AC +1)
You have very tough skin. (AC +2)
Your life essence is reduced to manifest your ancestor. (-10% HP)


Message History

You swap places.
Things that are here:
a short sword; a chain mail; a dagger A cyclops comes into view.
Items here: )) [[ a club; a glowing ring mail; a whip; a leather armour The cyclops throws a large rock.
The large rock hits you!!
You see here a large rock.
The cyclops throws a large rock.
The large rock hits you!!
You see here a large rock.
The cyclops hits you!!
You hear a shout!
An orc comes into view.
Rick hits the cyclops with a dagger of draining.
Rick drains the cyclops!
The cyclops hits you!!
* * * LOW HITPOINT WARNING * * *
You feel much better.
Rick hits the cyclops with a dagger of draining.
Rick drains the cyclops!
The cyclops hits you!!
You die...

###.)))8.#
.8. ####)..#
#...
##.#+###'#.#
#.# $..# .#
#.# .>.# .#
#)##...# .#
##.#[# '#.##
#..)#####C..#
#)8()(.(R@8.#
#.))#####...#
##'## #####
.... .....
.......
#.......
#.....


You could see the friendly Rick the hexer and a cyclops.

Vanquished Creatures
  A yaktaur captain (D:10)
  Josephine (D:10)
  Fannar (D:10)
  Harold (D:10)
  3 two-headed ogres
  A catoblepas (D:10)
  The ghost of BrokenGlass the Martial Artist, a novice OpFi of Ru (D:9)
  3 skeletal warriors
  A fire crab (D:10)
  An unseen horror (D:11)
  2 manticores
  2 cyclopes
  Maurice (D:10)
  3 centaur zombies
  A black mamba (Lair:1)
  A spiny frog (Lair:1)
  3 trolls
  A slime creature (D:10)
  2 hornets
  A hippogriff (D:10)
  Sigmund (D:4)
  A vampire (D:11)
  6 wraiths
  A spriggan (shapeshifter) (D:10)
  9 yaks
  2 shadows
  Eustachio (D:4)
  4 hogs (D:7)
  Grum (Lair:1)
  A hungry ghost (D:10)
  2 orc warriors
  3 ice beasts
  5 sky beasts
  An eye of draining (D:10)
  A necrophage (D:12)
  2 phantoms
  2 wolves (Lair:1)
  5 centaurs
  Blork the orc (D:6)
  A crocodile (Lair:1)
  A gnoll sergeant (D:10)
  11 bullfrogs
  A wyvern skeleton (D:10)
  A scorpion (D:6)
  A water moccasin skeleton (D:11)
  A jelly (D:5)
  18 killer bees
  7 wights
  7 howler monkeys
  6 crimson imps
  2 hounds
  A bullfrog skeleton (D:9)
  3 orc priests
  Ijyb (D:2)
  3 iguanas
  4 orc wizards
  2 worker ants
  A hound skeleton (D:10)
  10 gnolls
  11 adders
  A shadow imp (D:10)
  2 oozes
  An adder skeleton (D:8)
  5 dart slugs
  3 leopard geckos
  40 orcs
  9 giant cockroaches
  12 goblins
  8 hobgoblins
  2 jackals (D:3)
  6 quokkas
  2 ball pythons
  6 bats
  2 frilled lizards
  A jackal skeleton (D:5)
  18 kobolds
  11 rats
302 creatures vanquished.

Vanquished Creatures (collateral kills)
  A two-headed ogre (D:9)
  Prince Ribbit (D:7)
  A human (D:7)
  A yak (D:9)
  A sky beast (D:10)
  An ogre (D:9)
  A wolf (Lair:1)
  A bullfrog (D:8)
  An iguana (D:6)
  A worker ant (D:12)
  A gnoll (D:6)
  An adder (D:11)
  7 orcs
19 creatures vanquished.

Vanquished Creatures (others)
  10 hexers
10 creatures vanquished.

Grand Total: 331 creatures vanquished

Notes
Turn   | Place    | Note
-------+----------+-------------------------------------------
     0 | D:1      | Rrauwl the Troll Monk began the quest for the Orb.
     0 | D:1      | Reached XP level 1. HP: 22/22 MP: 0/0
    75 | D:1      | Reached XP level 2. HP: 27/29 MP: 1/1
   476 | D:1      | Reached XP level 3. HP: 36/36 MP: 2/2
  1057 | D:2      | Noticed Ijyb
  1070 | D:2      | Killed Ijyb
  1070 | D:2      | Reached skill level 4 in Unarmed Combat
  1070 | D:2      | Reached XP level 4. HP: 30/45 MP: 3/3
  1996 | D:3      | Reached XP level 5. HP: 51/53 MP: 4/4
  2219 | D:4      | Reached skill level 5 in Unarmed Combat
  2302 | D:4      | Found a white marble altar of Elyvilon.
  2438 | D:4      | Noticed Sigmund
  2446 | D:4      | Killed Sigmund
  2446 | D:4      | Reached skill level 6 in Unarmed Combat
  2446 | D:4      | Reached XP level 6. HP: 53/61 MP: 5/5
  2635 | D:4      | Noticed Eustachio
  2646 | D:4      | Killed Eustachio
  2646 | D:4      | Reached skill level 7 in Unarmed Combat
  2823 | D:4      | Reached XP level 7. HP: 50/67 MP: 6/6
  3057 | D:4      | Found a basalt altar of Yredelemnul.
  3141 | D:5      | Entered Level 5 of the Dungeon
  3177 | D:5      | Found Uforoen's General Store.
  3207 | D:5      | Bought a potion of haste for 130 gold pieces
  3223 | D:5      | Found Siutzidd's Book Shoppe.
  3381 | D:5      | Reached skill level 8 in Unarmed Combat
  3540 | D:5      | Found Webliw's Distillery.
  3552 | D:5      | Bought a potion of agility for 48 gold pieces
  3552 | D:5      | Bought a potion of berserk rage for 60 gold pieces
  3653 | D:5      | Found Saredwu's Antique Armour Emporium.
  3955 | D:6      | Found a staircase to the Ecumenical Temple.
  3961 | Temple   | Entered the Ecumenical Temple
  4146 | Temple   | Became a worshipper of Hepliaklqana the Forgotten
  4146 | Temple   | Reached * piety under Hepliaklqana
  4146 | Temple   | Reached ** piety under Hepliaklqana
  4147 | Temple   | Remembered your ancestor Rick as a hexer
  4202 | D:6      | Noticed Blork the orc
  4216 | D:6      | Reached skill level 9 in Unarmed Combat
  4306 | D:6      | Found a shattered altar of Ashenzari.
  4487 | D:6      | Reached XP level 8. HP: 67/67 MP: 7/7
  4564 | D:6      | Killed Blork the orc
  4751 | D:6      | Reached skill level 10 in Unarmed Combat
  4912 | D:7      | Found a sparkling altar of Nemelex Xobeh.
  4933 | D:7      | Noticed Prince Ribbit
  4964 | D:7      | Found Icis's Jewellery Emporium.
  4981 | D:7      | Found Sagyo's Weapon Boutique.
  5038 | D:7      | Found Godwex's Food Shop.
  5144 | D:7      | Killed Prince Ribbit
  5144 | D:7      | Reached skill level 11 in Unarmed Combat
  5298 | D:7      | Found Icyhuipn's Antique Armour Boutique.
  5400 | D:7      | Reached *** piety under Hepliaklqana
  5401 | D:7      | Found an iron altar of Okawaru.
  5401 | D:7      | Found a burning altar of Makhleb.
  5406 | D:7      | Found an ancient bone altar of Kikubaaqudgha.
  5408 | D:7      | Found a radiant altar of Vehumet.
  5410 | D:7      | Found a deep blue altar of Sif Muna.
  5498 | D:7      | Reached XP level 9. HP: 72/72 MP: 8/8
  5512 | D:7      | Reached skill level 12 in Unarmed Combat
  5586 | D:7      | Found Maeschiw's Food Emporium.
  5794 | D:8      | Found a staircase to the Lair.
  5855 | D:8      | Reached skill level 1 in Armour
  5857 | D:8      | Got a scorched platinum ring
  5858 | D:8      | Identified the ring of Royalty {Wiz rPois Str+3 Dex+2} (You found it on level 8 of the Dungeon)
  6225 | D:9      | Noticed a two-headed ogre
  6239 | D:9      | Killed a two-headed ogre
  6239 | D:9      | Reached XP level 10. HP: 47/81 MP: 6/9
  6350 | D:9      | Reached skill level 13 in Unarmed Combat
  6544 | D:9      | Noticed a cyclops
  6553 | D:9      | Killed a cyclops
  6559 | D:9      | Noticed BrokenGlass's ghost (novice OpFi)
  6624 | D:9      | Killed BrokenGlass's ghost
  6639 | D:9      | Reached skill level 5 in Fighting
  6667 | D:9      | Noticed a two-headed ogre
  6674 | D:9      | Killed a two-headed ogre
  6788 | D:9      | Reached **** piety under Hepliaklqana
  6820 | D:9      | Reached skill level 14 in Unarmed Combat
  6894 | D:9      | Noticed a two-headed ogre
  6909 | D:9      | Killed a two-headed ogre
  6909 | D:9      | Reached XP level 11. HP: 54/91 MP: 12/12
  7113 | D:10     | Entered Level 10 of the Dungeon
  7141 | D:10     | Noticed Harold
  7172 | D:10     | Killed Harold
  7518 | D:10     | Reached skill level 15 in Unarmed Combat
  7527 | D:10     | Noticed a fire crab
  7527 | D:10     | Noticed a catoblepas
  7527 | D:10     | Noticed a yaktaur captain
  7613 | Lair:1   | Entered Level 1 of the Lair of Beasts
  7613 | Lair:1   | Noticed Grum
  7623 | Lair:1   | Killed Grum
  7625 | Lair:1   | Reached skill level 1 in Throwing
  7900 | Lair:1   | Learned a level 1 spell: Beastly Appendage
  7906 | Lair:1   | Learned a level 5 spell: Blade Hands
  7955 | Lair:1   | Noticed Tenshin's ghost (journeyman KoAM)
  8470 | D:10     | Noticed Fannar
  8482 | D:10     | Killed Fannar
  8558 | D:10     | Noticed Josephine
  8558 | D:10     | Noticed a two-headed ogre
  8595 | D:10     | Killed Josephine
  8737 | D:10     | Killed a two-headed ogre
  8835 | D:10     | Noticed Maurice
  8843 | D:10     | Killed Maurice
  8843 | D:10     | Reached skill level 5 in Throwing
  8931 | D:10     | Reached XP level 12. HP: 91/99 MP: 13/13
  9265 | D:10     | Killed a yaktaur captain
  9271 | D:10     | Killed a catoblepas
  9271 | D:10     | Reached skill level 16 in Unarmed Combat
  9276 | D:10     | Reached skill level 5 in Dodging
 10706 | D:12     | Found a staircase to the Orcish Mines.
 10741 | D:12     | HP: 2/101 [cyclops (30)]
 10742 | D:12     | Slain by a cyclops

Skill      XL: |  1  2  3  4  5  6  7  8  9 10 11 12 |
---------------+-------------------------------------+-----
Dodging        | 3 4 6 |  6.0
Fighting       | 3 5 |  5.6
Unarmed Combat | 4 6 7 9 11 12 14 15 16 | 16.8
Armour         | 3 4 |  4.0
Invocations    | 3 |  3.4
Throwing       | 5 |  5.0
Stealth        | |  1.0

Action                   |  1- 3 |  4- 6 |  7- 9 | 10-12 || total
-------------------------+-------+-------+-------+-------++-------
Melee: Unarmed           |   124 |   125 |   222 |   425 ||   896
       Punch             |       |     1 |     5 |    31 ||    37
Throw: Large rock        |       |       |       |    15 ||    15
       Tomahawk          |       |       |       |     3 ||     3
 Cast: Beastly Appendage |       |       |       |     3 ||     3
Invok: Ancestor Life: He |       |       |     1 |       ||     1
       Ancestor Identity |       |       |     1 |       ||     1
       Recall Ancestor   |       |       |     1 |    10 ||    11
       Idealise          |       |       |       |     1 ||     1
Evoke: Wand              |       |       |     4 |     8 ||    12
  Use: Potion            |     1 |     1 |     5 |    10 ||    17
       Scroll            |       |     6 |     5 |     5 ||    16
 Stab: Sleeping          |     3 |     4 |     3 |     4 ||    14
       Paralysed         |       |       |     2 |       ||     2
       Distracted        |       |       |       |     7 ||     7
       Confused          |       |       |       |     2 ||     2
       Petrified         |       |       |       |     6 ||     6
  Eat: Chunk             |    15 |    16 |    26 |    51 ||   108
Armor: Robe              |    34 |    37 |    41 |    77 ||   189
Dodge: Dodged            |    71 |    69 |    90 |   170 ||   400
